[Event "Titled Tuesday Blitz September 27 Late 2022"]
[White "Rego, Pedro Filipe"]
[Black "Fiorito, Joaquin"]
[WhiteFideId "1904310"]
[BlackFideId "180173"]
[WhiteElo "2125"]
[BlackElo "1758"]
[Result "1-0"]
[Round "09"]
[TimeControl "180+1"]
[Date "2022.09.28"]
[WhiteClock "0:00:06"]
[BlackClock "0:00:03"]

1. c4 c6 2. d4 d5 3. e3 Nf6 4. Nf3 Bf5 5. Bd3 Bxd3 6. Qxd3 e6 7. O-O Nbd7 8. b3 Bd6 9. Bb2 O-O 10. Ne5 a5 11. a3 Qc7 12. f4 Ne4 13. Nd2 Nxd2 14. Qxd2 Nf6 15. Qe2 Ne4 16. Nd3 a4 17. c5 Be7 18. b4 f5 19. Nf2 Nxf2 20. Qxf2 g5 21. Bc3 Kh8 22. b5 Rg8 23. Rab1 Rg7 24. bxc6 bxc6 25. Rb6 Rag8 26. g3 h5 27. Rfb1 gxf4 28. exf4 h4 29. Rb7 hxg3 30. hxg3 Rxg3+ 31. Kf1 Qd8 32. Rb8 Rxc3 33. Rxd8 Rxd8 34. Qh2+ Kg7 35. Qg2+ Kf7 36. Qh2 Rg8 37. Qh5+ Kf6 38. Rb7 Rc1+ 39. Kf2 Rc2+ 40. Kf3 Rc3+ 41. Ke2 Bf8 42. Qf7# 1-0


[Site "https://www.chess.com"]

[Event "Titled Tuesday Blitz September 27 Late 2022"]
[White "Rios Escobar, Adan"]
[Black "Rose, Felix"]
[WhiteFideId "3403645"]
[BlackFideId "5105722"]
[WhiteElo "2324"]
[BlackElo "2039"]
[Result "1/2-1/2"]
[Round "09"]
[TimeControl "180+1"]
[Date "2022.09.28"]
[WhiteClock "0:00:12"]
[BlackClock "0:00:04"]

1. d4 d5 2. g3 Nf6 3. Nf3 e6 4. Bg2 a6 5. c4 dxc4 6. O-O Nc6 7. e3 Rb8 8. Nfd2 Bd7 9. Nxc4 Bd6 10. Nc3 O-O 11. e4 e5 12. dxe5 Bxe5 13. Nxe5 Nxe5 14. h3 Bc6 15. Bf4 Nd3 16. Bg5 Nxb2 17. Qxd8 Rfxd8 18. e5 Bxg2 19. Kxg2 Rd3 20. exf6 Rxc3 21. fxg7 Rc6 22. Rac1 Kxg7 23. Bf4 Rxc1 24. Rxc1 Nd3 25. Bxc7 Nxc1 26. Bxb8 Nxa2 27. Kf3 b5 28. Ke3 Kg6 29. Kd2 a5 30. Kc2 a4 31. Kb2 Nb4 32. Kc3 Nc6 33. Bd6 Kf5 34. f3 Ke6 35. Bf8 Kd5 36. h4 f5 37. g4 fxg4 38. fxg4 Ke6 39. Bc5 Ke5 40. g5 Kf5 41. Bf2 b4+ 42. Kc4 b3 43. Kc3 Ne5 44. Bc5 Kg4 45. Be7 Nc6 46. Bf6 Kh5 47. Kb2 Kg6 48. Ka3 h6 49. Kxa4 hxg5 50. hxg5 b2 51. Bxb2 Kxg5 1/2-1/2


[Site "https://www.chess.com"]

[Event "Titled Tuesday Blitz September 27 Late 2022"]
[White "Salinas Herrera, Pablo"]
[Black "Golubev, Mikhail"]
[WhiteFideId "3407128"]
[BlackFideId "14100983"]
[WhiteElo "2550"]
[BlackElo "2374"]
[Result "0-1"]
[Round "09"]
[TimeControl "180+1"]
[Date "2022.09.28"]
[WhiteClock "0:00:02"]
[BlackClock "0:00:05"]

1. e4 c5 2. Nf3 d6 3. d4 cxd4 4. Nxd4 Nf6 5. Nc3 g6 6. Be3 Bg7 7. f3 Nc6 8. Qd2 O-O 9. g4 Nxd4 10. Bxd4 Be6 11. Nd5 Bxd5 12. exd5 Rc8 13. h4 Qc7 14. Rh2 e5 15. dxe6 fxe6 16. O-O-O Nd5 17. Bxg7 Qxg7 18. Be2 Qe5 19. Rdh1 Rf4 20. Kb1 Rc3 21. Bd1 Rb4 22. b3 Re3 23. c4 Nc3+ 24. Kc1 b5 25. f4 Qc5 26. Rh3 Nxd1 27. Kxd1 Rxh3 28. Rxh3 bxc4 29. Rc3 Qg1+ 30. Kc2 Qxg4 31. Re3 Qf5+ 32. Kb2 a5 33. Qxd6 cxb3 34. a3 Rxf4 0-1


[Site "https://www.chess.com"]

[Event "Titled Tuesday Blitz September 27 Late 2022"]
[White "So, Wesley"]
[Black "Yanchenko, Roman"]
[WhiteFideId "5202213"]
[BlackFideId "4137329"]
[WhiteElo "2763"]
[BlackElo "2514"]
[Result "1-0"]
[Round "09"]
[TimeControl "180+1"]
[Date "2022.09.27"]
[WhiteClock "0:00:26"]
[BlackClock "0:00:01"]

1. d4 d5 2. Nf3 Nf6 3. c4 c6 4. Nc3 g6 5. cxd5 cxd5 6. Bf4 Bg7 7. e3 O-O 8. Be2 Nc6 9. h3 a6 10. O-O e6 11. Rc1 Bd7 12. a3 Na5 13. Ne5 Rc8 14. Bg5 h6 15. Bh4 Nc4 16. Bxc4 dxc4 17. Ne4 g5 18. Nxf6+ Bxf6 19. Bg3 b5 20. Qh5 Bg7 21. h4 Bc6 22. Ng4 gxh4 23. Bxh4 Qd5 24. Nf6+ Bxf6 25. Qxd5 Bxd5 26. Bxf6 Be4 27. f3 Bd3 28. Rfd1 Kh7 29. Kf2 Kg6 30. Be7 Rfe8 31. Bb4 h5 32. e4 f5 33. e5 f4 34. Rh1 Bf5 35. Rh4 Kg5 36. Rxf4 Rcd8 37. Bd2 Kg6 38. Rh1 Rf8 39. Rfh4 Rh8 40. g4 Bd3 41. Ba5 Rdf8 42. Ke3 Rf7 43. Rxh5 Rxh5 44. Rxh5 Bc2 45. Bd8 Bd1 46. Bf6 Rf8 47. Rg5+ Kh6 48. Rg7 Ra8 49. Kf4 1-0


[Site "https://www.chess.com"]

[Event "Titled Tuesday Blitz September 27 Late 2022"]
[White "Sokolovsky, Yahli"]
[Black "Ibarra Jerez, Jose Carlos"]
[WhiteFideId "2820242"]
[BlackFideId "2226332"]
[WhiteElo "1920"]
[BlackElo "2627"]
[Result "1-0"]
[Round "09"]
[TimeControl "180+1"]
[Date "2022.09.27"]
[WhiteClock "0:00:11"]
[BlackClock "0:00:01"]

1. b3 e5 2. Bb2 Nc6 3. e3 d5 4. Nf3 f6 5. d4 e4 6. Nfd2 f5 7. c4 Nf6 8. Nc3 Bd6 9. cxd5 Ne7 10. Bc4 a6 11. a4 O-O 12. Ba3 Kh8 13. Qc1 Qe8 14. Bxd6 cxd6 15. Qa3 f4 16. O-O-O Nf5 17. Rhe1 fxe3 18. fxe3 Bd7 19. a5 Qg6 20. Ndxe4 Nxe4 21. Nxe4 Rae8 22. Bd3 Qxg2 23. Nxd6 Nxd6 24. Qxd6 Rc8+ 25. Kb1 Rf2 26. Qa3 Rc3 27. Rf1 Qxd5 28. Qf8+ Rxf8 29. Rxf8+ Qg8 30. Rxg8+ Kxg8 31. Bc4+ Kf8 32. Re1 Bf5+ 33. Kb2 Rc2+ 34. Ka3 Rxh2 35. Rf1 g6 36. e4 Rh4 37. exf5 g5 38. d5 Rd4 39. f6 g4 40. Rh1 g3 41. Rxh7 Rg4 42. Rh1 Kf7 43. Rg1 Kxf6 44. Be2 Rg5 45. Bf3 Ke5 46. Bg2 Rf5 47. Rf1 Rh5 48. Re1+ Kd6 49. Re3 Rg5 50. Re6+ Kc5 51. d6 Rg8 52. d7 Rd8 53. Re7 Kd6 54. Rg7 Kc7 55. Kb4 b6 56. axb6+ Kxb6 57. Rg6+ Kc7 58. Rxa6 Rb8+ 59. Kc3 Kxd7 60. Rg6 Rc8+ 61. Kb2 Re8 62. Rxg3 Re2+ 63. Ka3 Kd6 64. Rg5 Kc7 65. Bd5 Rd2 66. Bc4 Kb6 67. Kb4 Rf2 68. Rg6+ Kc7 69. Kc5 Rf5+ 70. Bd5 Rf1 71. Rg7+ Kd8 72. Kd6 Rf6+ 73. Be6 Rf8 74. Rg8 1-0


[Site "https://www.chess.com"]

[Event "Titled Tuesday Blitz September 27 Late 2022"]
[White "Storey, Charles H"]
[Black "Mihajlov, Sebastian"]
[WhiteFideId "406686"]
[BlackFideId "1512110"]
[WhiteElo "2188"]
[BlackElo "2464"]
[Result "0-1"]
[Round "09"]
[TimeControl "180+1"]
[Date "2022.09.28"]
[WhiteClock "0:00:01"]
[BlackClock "0:00:19"]

1. e4 h6 2. d4 a6 3. Nf3 e6 4. c4 d5 5. Nc3 dxe4 6. Nxe4 Nd7 7. Be2 Ngf6 8. Ng3 g6 9. O-O Bg7 10. Re1 O-O 11. h3 Re8 12. Be3 b6 13. Qd2 Kh7 14. Rad1 Bb7 15. Qc2 Qe7 16. Nh2 Rad8 17. Bf3 c6 18. Ng4 Nxg4 19. hxg4 Kg8 20. Qc1 Qf8 21. Ne4 c5 22. dxc5 Bxe4 23. Bxe4 Nxc5 24. Bc6 Rxd1 25. Rxd1 Rd8 26. Rxd8 Qxd8 27. b4 Nd3 28. Qd2 Qc7 29. Be4 Ne5 30. c5 bxc5 31. bxc5 Nxg4 32. Bf4 Qxc5 33. Bf3 h5 34. Bxg4 hxg4 35. Qd8+ Bf8 36. Bh6 g3 37. Be3 gxf2+ 38. Bxf2 Qc1+ 39. Kh2 Qc6 40. Bh4 Qd6+ 41. Qxd6 Bxd6+ 42. Kg1 f5 43. Kf1 Kf7 44. Ke2 e5 45. Kf3 Ke6 46. Be1 e4+ 47. Ke2 Kd5 48. Bc3 Be5 49. Ba5 f4 50. Bb6 g5 51. Bd8 g4 52. Bb6 f3+ 53. Kf2 g3+ 54. Kf1 Kc4 55. Ba7 Kd3 56. Bb8 Bxb8 0-1


[Site "https://www.chess.com"]

[Event "Titled Tuesday Blitz September 27 Late 2022"]
[White "Svane, Rasmus"]
[Black "Wieczorek, Oskar"]
[WhiteFideId "4657101"]
[BlackFideId "1133950"]
[WhiteElo "2674"]
[BlackElo "2302"]
[Result "1/2-1/2"]
[Round "09"]
[TimeControl "180+1"]
[Date "2022.09.27"]
[WhiteClock "0:00:04"]
[BlackClock "0:00:06"]

1. Nf3 c5 2. c4 g6 3. d4 cxd4 4. Nxd4 Nc6 5. e4 Nf6 6. Nc3 d6 7. Be2 Bg7 8. Be3 O-O 9. O-O Bd7 10. Nc2 a5 11. Rc1 Bc8 12. f4 Nd7 13. Bf3 Nc5 14. Kh1 Nb4 15. Ne1 Bd7 16. a3 Nc6 17. Rf2 a4 18. Rb1 Na5 19. Qe2 Ncb3 20. Nd5 Nd4 21. Qd3 Nab3 22. Nc2 Nc5 23. Qd1 Nxf3 24. Qxf3 e6 25. Nc3 Bxc3 26. bxc3 Bc6 27. Bxc5 dxc5 28. Qe3 Qe7 29. Ne1 e5 30. f5 Qh4 31. Re2 Rad8 32. Nf3 Qf4 33. Qxf4 exf4 34. Ne5 Rfe8 35. Nxc6 bxc6 36. fxg6 hxg6 37. Kg1 Rd3 38. Rc1 Re3 39. Kf2 R8xe4 40. Rxe3 Rxe3 41. g3 g5 42. gxf4 gxf4 43. Rg1+ Kh7 44. Rg5 Rxc3 45. Rxc5 Rxa3 46. Rxc6 Rc3 47. c5 a3 48. Ra6 Rc2+ 49. Kf3 Rxc5 50. Rxa3 Rh5 51. Kxf4 Rxh2 52. Kg3 Rh6 53. Rb3 Kg7 54. Kf3 Rg6 55. Kf2 Rf6+ 56. Kg2 Kg6 57. Kg3 Rf5 1/2-1/2


[Site "https://www.chess.com"]

[Event "Titled Tuesday Blitz September 27 Late 2022"]
[White "Tari, Aryan"]
[Black "Wagner, Dennis"]
[WhiteFideId "1510045"]
[BlackFideId "24650684"]
[WhiteElo "2612"]
[BlackElo "2355"]
[Result "1-0"]
[Round "09"]
[TimeControl "180+1"]
[Date "2022.09.27"]
[WhiteClock "0:00:09"]
[BlackClock "0:00:04"]

1. e4 e5 2. Nf3 Nc6 3. Bb5 a6 4. Ba4 Nf6 5. Nc3 Bc5 6. O-O O-O 7. Bxc6 dxc6 8. d3 Nd7 9. Be3 Re8 10. h3 Bf8 11. Ne2 c5 12. Nd2 Nb8 13. f4 exf4 14. Nxf4 Nc6 15. Rf2 b6 16. a4 Qd7 17. Nd5 Ne7 18. c4 Nxd5 19. cxd5 c6 20. Nc4 Qb7 21. a5 cxd5 22. Nxb6 d4 23. Bd2 Ra7 24. Qa4 Bd7 25. Qc2 Be6 26. Qa4 Rd8 27. b4 cxb4 28. Bxb4 Bxb4 29. Qxb4 Qc7 30. Qd2 Qe5 31. Rc1 h6 32. Qb4 Rc7 33. Rfc2 Rxc2 34. Rxc2 Qg3 35. Qd2 Bxh3 36. Qf2 Qxd3 37. gxh3 Qxh3 38. Qf4 d3 39. Rf2 Qh5 40. Nd5 Qg6+ 41. Rg2 Qh5 42. Nf6+ Kh8 43. Nxh5 d2 44. Rxd2 Rxd2 45. Qxd2 1-0


[Site "https://www.chess.com"]

[Event "Titled Tuesday Blitz September 27 Late 2022"]
[White "Thomforde-Toates, Noah"]
[Black "Tristan, Leonardo"]
[WhiteFideId "30951992"]
[BlackFideId "113816"]
[WhiteElo "2590"]
[BlackElo "2404"]
[Result "1-0"]
[Round "09"]
[TimeControl "180+1"]
[Date "2022.09.28"]
[WhiteClock "0:00:17"]
[BlackClock "0:00:11"]

1. c4 e6 2. b3 d5 3. Bb2 Nf6 4. e3 c5 5. Nf3 Nc6 6. cxd5 exd5 7. Bb5 Bd6 8. h3 O-O 9. O-O Bc7 10. d4 cxd4 11. Bxc6 bxc6 12. Qxd4 Re8 13. Nc3 Bb6 14. Qh4 h6 15. Rfd1 Bf5 16. Rac1 Qd6 17. Ne2 Ne4 18. Ned4 Bd7 19. Nd2 Bc7 20. N4f3 Bd8 21. Nxe4 Qg6 22. Qg3 Rxe4 23. Qxg6 fxg6 24. Ne5 Bf6 25. Nxd7 Bxb2 26. Rxc6 d4 27. Nc5 Rh4 28. e4 Re8 29. Nd3 Bc3 30. f3 Kh7 31. Kh2 Rh5 32. Nf4 Ra5 33. a4 Rb8 34. Rb1 Rxa4 35. bxa4 Rxb1 36. Ne2 Ba1 37. Rc1 Rb2 38. Rxa1 Rxe2 39. Rd1 Ra2 40. Rxd4 g5 41. Rc4 Kg6 42. Kg3 h5 43. Rc6+ Kf7 44. Ra6 h4+ 45. Kh2 Ke7 46. Rxa7+ Kf6 47. Ra6+ Ke5 48. Ra5+ Kf6 49. Rf5+ Kg6 50. a5 Kh5 51. f4 Kh6 52. Rxg5 g6 53. Rb5 Ra4 54. Re5 Kg7 55. Kg1 Ra2 56. Kf1 Kh6 57. Re6 Kh5 58. a6 Rb2 59. Re7 Kh6 60. a7 Ra2 61. Ke1 g5 62. f5 g4 63. Re6+ Kg5 64. hxg4 Kf4 65. Kd1 Ke3 66. Kc1 Kf2 67. Re7 Kxg2 68. f6 h3 69. Rh7 h2 70. Rxh2+ Kxh2 71. f7 Rf2 72. a8=Q Rxf7 73. Qb8+ Kh3 74. Qe5 Rf1+ 75. Kd2 Kxg4 76. Ke3 Re1+ 77. Kd4 Rd1+ 78. Kc5 Kf3 79. Qf5+ Ke3 80. e5 Rc1+ 81. Kd6 Rd1+ 82. Ke7 Kd4 83. e6 Ra1 84. Qf6+ Kd5 85. Qxa1 Kc6 86. Kf7 Kb7 87. Qc3 Ka8 88. Qb3 Ka7 89. e7 Ka6 90. e8=Q Ka7 91. Qea4# 1-0


[Site "https://www.chess.com"]

[Event "Titled Tuesday Blitz September 27 Late 2022"]
[White "Timmermans, Mark"]
[Black "Machidon, Cristi"]
[WhiteFideId "1026399"]
[BlackFideId "13904590"]
[WhiteElo "2460"]
[BlackElo "2312"]
[Result "1-0"]
[Round "09"]
[TimeControl "180+1"]
[Date "2022.09.28"]
[WhiteClock "0:01:14"]
[BlackClock "0:01:11"]

1. e4 Nf6 2. e5 Nd5 3. d4 d6 4. c4 Nb6 5. f4 Bf5 6. Nc3 dxe5 7. fxe5 e6 8. Nf3 Be7 9. Be3 O-O 10. Be2 Nc6 11. O-O f6 12. exf6 Bxf6 13. Qd2 Qd7 14. Rad1 Rad8 15. h3 h6 16. b3 Qe7 17. Qc1 Rd7 18. d5 exd5 19. Nxd5 Nxd5 20. cxd5 Nb4 21. Bc4 Nxa2 22. d6+ 1-0


[Site "https://www.chess.com"]

[Event "Titled Tuesday Blitz September 27 Late 2022"]
[White "Vasquez Schroeder, Rodrigo"]
[Black "Besedes, Danilo"]
[WhiteFideId "3400042"]
[BlackFideId "946796"]
[WhiteElo "2577"]
[BlackElo "2352"]
[Result "1-0"]
[Round "09"]
[TimeControl "180+1"]
[Date "2022.09.27"]
[WhiteClock "0:01:10"]
[BlackClock "0:00:12"]

1. d4 Nf6 2. Nf3 e6 3. e3 d5 4. Bd3 Be7 5. O-O c5 6. b3 O-O 7. Bb2 Nc6 8. a3 b6 9. Nbd2 Bb7 10. c4 Rc8 11. Qe2 cxd4 12. exd4 Qc7 13. Rac1 Rfd8 14. c5 Qf4 15. b4 Nb8 16. Rfe1 a5 17. Ne5 axb4 18. axb4 Nc6 19. Nxc6 Bxc6 20. Ba6 Rb8 21. b5 bxc5 22. dxc5 d4 23. g3 Qf5 24. bxc6 Rxb2 25. c7 h5 26. cxd8=Q+ Bxd8 27. Bd3 Qd5 28. Qd1 Ba5 29. Re2 e5 30. Ne4 1-0


[Site "https://www.chess.com"]

[Event "Titled Tuesday Blitz September 27 Late 2022"]
[White "Vlassov, Nikolai"]
[Black "Lazavik, Denis"]
[WhiteFideId "4103360"]
[BlackFideId "13515110"]
[WhiteElo "2324"]
[BlackElo "2437"]
[Result "0-1"]
[Round "09"]
[TimeControl "180+1"]
[Date "2022.09.27"]
[WhiteClock "0:01:06"]
[BlackClock "0:01:18"]

1. e4 c5 2. c3 Nf6 3. e5 Nd5 4. d4 cxd4 5. cxd4 d6 6. Bc4 Nb6 7. Bb3 dxe5 8. Qh5 e6 9. dxe5 Nc6 10. Nc3 Qd3 11. Be3 Bb4 12. Ne2 Qg6 13. Qxg6 hxg6 14. f4 Bd7 15. O-O-O O-O-O 16. Nb5 Kb8 17. Bxb6 axb6 18. Nd6 Rhf8 19. Kb1 Ne7 20. Rd3 Bb5 21. Re3 Bc5 22. Nxb5 Bxe3 23. Nd6 Nf5 24. Rd1 Bc5 25. Ne4 Rxd1+ 26. Bxd1 Ne3 27. Ba4 Nxg2 28. Nxc5 bxc5 29. Kc2 Rd8 30. Kc3 Rh8 31. Kc4 Nxf4 32. Nxf4 Rh4 33. Kxc5 Rxf4 34. Be8 Kc7 35. b4 g5 36. a4 g4 37. a5 Rf2 38. b5 Rxh2 39. b6+ Kb8 40. Bxf7 g3 0-1


[Site "https://www.chess.com"]

[Event "Titled Tuesday Blitz September 27 Late 2022"]
[White "Yano, William Jorge Froes"]
[Black "Bykov, Egor"]
[WhiteFideId "2112949"]
[BlackFideId "34115290"]
[WhiteElo "2122"]
[BlackElo "2192"]
[Result "0-1"]
[Round "09"]
[TimeControl "180+1"]
[Date "2022.09.28"]
[WhiteClock "0:00:01"]
[BlackClock "0:00:10"]

1. e4 c5 2. Nf3 d6 3. Bb5+ Bd7 4. Bxd7+ Nxd7 5. O-O Ngf6 6. Qe2 g6 7. c3 Bg7 8. d4 cxd4 9. cxd4 e5 10. Rd1 exd4 11. Nxd4 O-O 12. Nc3 a6 13. Bf4 Qe7 14. Nf3 Ne5 15. Bg5 Qe6 16. Bxf6 Qxf6 17. Nd5 Nxf3+ 18. Qxf3 Qxb2 19. Rab1 Qxa2 20. Rxb7 Rab8 21. Rc7 Rb1 22. g3 Qa1 23. Rxb1 Qxb1+ 24. Kg2 Qb5 25. h4 h5 26. Qa3 Ra8 27. Qxd6 a5 28. Qe7 Rf8 29. Rb7 Qc4 30. Rc7 Qd4 31. Ra7 a4 32. Qd7 Qxe4+ 33. Kh2 Qd4 34. Rxa4 Qxf2+ 35. Kh3 Qf1+ 36. Kh2 Qe2+ 37. Kh3 Be5 38. Ra3 Qf1+ 39. Kh2 Bd4 40. Ne7+ Kh7 41. Qxd4 Rb8 42. Re3 Rb1 43. g4 Qg1+ 44. Kh3 hxg4+ 45. Qxg4 Qxe3+ 46. Qg3 Rh1+ 47. Kg4 Rg1 0-1


[Site "https://www.chess.com"]

[Event "Titled Tuesday Blitz September 27 Late 2022"]
[White "Yurovskykh, Oleksandr"]
[Black "Pinero Rodriguez, Carlos Jose"]
[WhiteFideId "14134020"]
[BlackFideId "3901726"]
[WhiteElo "2303"]
[BlackElo "2053"]
[Result "0-1"]
[Round "09"]
[TimeControl "180+1"]
[Date "2022.09.28"]
[WhiteClock "0:00:01"]
[BlackClock "0:00:10"]

1. d4 Nf6 2. Nf3 e6 3. Bf4 b6 4. e3 Bb7 5. Bd3 Nh5 6. Bg5 Be7 7. Bxe7 Qxe7 8. Nbd2 Nf6 9. Qe2 O-O 10. O-O d6 11. a4 a5 12. c3 e5 13. dxe5 dxe5 14. e4 Nbd7 15. Rfe1 Rad8 16. Bc2 Nh5 17. g3 Nhf6 18. Rab1 Rfe8 19. b4 Ra8 20. Nc4 Bc6 21. bxa5 bxa5 22. Nfd2 Nc5 23. Ra1 Red8 24. f3 Nfd7 25. Qe3 h6 26. Kg2 Ne6 27. Nb3 Ndc5 28. Nxe5 Bxa4 29. Nxc5 Nxc5 30. Bxa4 Qxe5 31. Bc2 a4 32. f4 Qd6 33. Kf2 Qc6 34. Red1 Rxd1 35. Rxd1 a3 36. Ra1 a2 37. Qd4 Qb6 38. Kf3 Qb2 39. Qd1 Qxc3+ 40. Kg4 g6 41. e5 h5+ 42. Kh4 Ne6 43. Bb3 Rd8 44. Bxe6 Rxd1 45. Rxd1 a1=Q 0-1


[Site "https://www.chess.com"]

[Event "Titled Tuesday Blitz September 27 Late 2022"]
[White "Zhigalko, Sergei"]
[Black "Rosen, Eric"]
[WhiteFideId "13502956"]
[BlackFideId "2032562"]
[WhiteElo "2662"]
[BlackElo "2362"]
[Result "1-0"]
[Round "09"]
[TimeControl "180+1"]
[Date "2022.09.28"]
[WhiteClock "0:00:12"]
[BlackClock "0:00:03"]

1. e4 e5 2. Nf3 Nf6 3. d4 Nxe4 4. Bd3 Nc6 5. d5 Nf6 6. dxc6 e4 7. cxb7 Bxb7 8. Be2 exf3 9. Bxf3 Qe7+ 10. Be3 Qb4+ 11. Nd2 Bxf3 12. Qxf3 Rb8 13. O-O Qb7 14. Qe2 Be7 15. Bd4 Kf8 16. Rfe1 Re8 17. Qd3 h5 18. h3 Rh6 19. Nf3 Rg6 20. Rad1 Qd5 21. Bxf6 Qxd3 22. Bxe7+ Rxe7 23. Rxd3 Rxe1+ 24. Nxe1 Rb6 25. b3 d6 26. Nf3 g6 27. Rc3 c5 28. Rd3 Ke7 29. Nd2 Ra6 30. a4 Ke6 31. Re3+ Kf6 32. Rf3+ Ke6 33. Re3+ Kf6 34. Ne4+ Ke5 35. Nc3+ Kf6 36. Nd5+ Kg5 37. f4+ Kh6 38. c4 Kg7 39. Re7 h4 40. Rc7 Kh6 41. Kf2 g5 42. f5 Kg7 43. Kf3 Ra5 44. Kg4 Kf8 45. Kxg5 Ke8 46. Kf6 Kd8 47. Kxf7 Ra6 48. Ke6 Rb6 49. Rd7+ Kc8 50. Nxb6+ axb6 51. f6 1-0


[Site "https://www.chess.com"]

[Event "Titled Tuesday Blitz September 27 Late 2022"]
[White "Zochowski, Kacper"]
[Black "Koellner, Ruben Gideon"]
[WhiteFideId "1125494"]
[BlackFideId "12993093"]
[WhiteElo "2214"]
[BlackElo "2286"]
[Result "1/2-1/2"]
[Round "09"]
[TimeControl "180+1"]
[Date "2022.09.28"]
[WhiteClock "0:00:48"]
[BlackClock "0:00:04"]

1. Nf3 d6 2. d4 Nf6 3. b3 g6 4. Bb2 Bg7 5. g3 O-O 6. Bg2 Nbd7 7. c4 Re8 8. O-O c6 9. Nc3 Qc7 10. Qd2 e5 11. e3 exd4 12. Nxd4 Nc5 13. b4 Nce4 14. Nxe4 Nxe4 15. Qc2 Qe7 16. b5 Bd7 17. Rad1 Rac8 18. bxc6 bxc6 19. Ba3 c5 20. Nb5 Bxb5 21. cxb5 Nc3 22. Rd2 Nxb5 23. Bb2 Bxb2 24. Qxb2 Nc7 25. Rfd1 Rcd8 26. Qb7 Ne6 27. Qxe7 Rxe7 28. Rxd6 Rxd6 29. Rxd6 Rc7 30. Kf1 c4 31. Ke2 Nc5 32. Kd2 Nd3 33. Kc3 Nxf2 34. Bd5 Ng4 35. e4 Nxh2 36. Bxc4 Nf3 37. Kb4 Ne5 38. Bd5 Kg7 39. Ka5 h5 40. Ka6 g5 41. Bb7 Rc3 42. Bd5 Ra3+ 43. Kb7 a5 44. Rd8 Rxg3 45. Re8 Kf6 46. Kb6 a4 47. Ka5 a3 48. Kb4 h4 49. Rh8 Kg7 50. Re8 Kf6 51. Rh8 Nd3+ 52. Kxa3 Nf4+ 53. Kb4 Nxd5+ 54. exd5 Kg7 55. Rh5 Kg6 56. Rh8 Kg7 57. Rh5 f6 58. d6 Rd3 59. Kc5 Kg6 60. Rh8 Kg7 61. Rh5 Kg6 62. Rh8 f5 63. Kc6 f4 64. d7 f3 65. d8=Q Rxd8 66. Rxd8 g4 67. a4 f2 68. Rf8 g3 69. a5 g2 70. Rg8+ Kh7 71. Rxg2 f1=Q 72. Rc2 Qf5 73. Rc5 Qf6+ 74. Kb7 Qf7+ 75. Rc7 Qxc7+ 76. Kxc7 h3 77. a6 h2 78. a7 h1=Q 79. Kb8 Qb1+ 80. Kc8 Qc2+ 81. Kb8 Qb3+ 82. Kc8 Qc4+ 83. Kb8 Qb5+ 84. Kc8 Qa6+ 85. Kb8 Qb6+ 86. Ka8 Qc6+ 87. Kb8 Qb5+ 88. Ka8 Qe8+ 89. Kb7 Qd7+ 90. Kb8 Qd8+ 91. Kb7 Qe7+ 92. Kb8 Qb4+ 93. Ka8 Kg6 1/2-1/2


[Site "https://www.chess.com"]

[Event "Titled Tuesday Blitz September 27 Late 2022"]
[White "Abdyzhapar, Asylbek"]
[Black "Rastbod, Ali"]
[WhiteFideId "13800337"]
[BlackFideId "12567477"]
[WhiteElo "2323"]
[BlackElo "2191"]
[Result "1-0"]
[Round "10"]
[TimeControl "180+1"]
[Date "2022.09.27"]
[WhiteClock "0:00:34"]
[BlackClock "0:00:03"]

1. e4 Nc6 2. d4 d5 3. exd5 Qxd5 4. c3 e5 5. Nf3 exd4 6. cxd4 Bb4+ 7. Nc3 Bg4 8. Be2 Bxf3 9. Bxf3 Qc4 10. Be3 Nf6 11. Be2 Bxc3+ 12. bxc3 Qxc3+ 13. Kf1 O-O 14. Rc1 Qa5 15. Rc5 Qxa2 16. g4 Rad8 17. Kg2 Nd5 18. Re1 Nxe3+ 19. fxe3 Rfe8 20. Qd3 Ne5 21. Qe4 Nd7 22. Qd5 Qxd5+ 23. Rxd5 Rxe3 24. Kf2 Re7 25. Rb1 Rb8 26. Rdb5 Nb6 27. Bf3 Rd7 28. d5 g6 29. Ra5 a6 30. Rc5 Kf8 31. h4 Ke7 32. d6+ Kxd6 33. Rc3 Ke7 34. g5 Kf8 35. Bg4 Re7 36. Bf3 Kg7 37. h5 gxh5 38. Bxh5 Nd5 39. Rc5 c6 40. Bf3 Rd8 41. Rc4 Rd6 42. Rh1 h6 43. Rg4 hxg5 44. Rxg5+ Rg6 45. Rgh5 Kf6 46. R1h4 Re5 47. Rh7 Rf5 48. Ke2 Nf4+ 49. Kd2 Ng2 50. Rh3 Nf4 51. R3h4 Rfg5 52. Be4 Rg3 53. Rxf4+ Ke5 54. Rhh4 R6g4 55. Rfxg4 Ra3 56. Bc2 f5 57. Rg5 1-0


[Site "https://www.chess.com"]

[Event "Titled Tuesday Blitz September 27 Late 2022"]
[White "Adury, Anant"]
[Black "Tanenbaum, Zachary"]
[WhiteFideId "30964687"]
[BlackFideId "2060850"]
[WhiteElo "2534"]
[BlackElo "2175"]
[Result "0-1"]
[Round "10"]
[TimeControl "180+1"]
[Date "2022.09.28"]
[WhiteClock "0:00:04"]
[BlackClock "0:00:05"]

1. d4 d5 2. Bf4 Nf6 3. e3 c5 4. c3 Nc6 5. Nd2 Qb6 6. Qb3 c4 7. Qc2 g6 8. Ngf3 Bf5 9. Qc1 Bg7 10. Be2 O-O 11. Ne5 Nxe5 12. Bxe5 Nd7 13. Bxg7 Kxg7 14. O-O e5 15. dxe5 Nxe5 16. Nf3 Qf6 17. Nxe5 Qxe5 18. Qd2 h5 19. Bf3 Be6 20. Rad1 Rad8 21. Qd4 Qxd4 22. Rxd4 Rd7 23. Rfd1 Rfd8 24. h4 Kf6 25. g3 Ke5 26. Kf1 b5 27. Bg2 Bf5 28. f4+ Ke6 29. Kf2 Bd3 30. Bf1 Bxf1 31. Kxf1 f5 32. Ke2 a5 33. b3 b4 34. Kd2 Rc8 35. bxc4 dxc4 36. Kc2 Rxd4 37. Rxd4 Rc5 38. e4 fxe4 39. Rxe4+ Kf5 40. Rd4 Kg4 41. Rd6 Kxg3 42. Rxg6+ Kxh4 43. Rb6 bxc3 44. Rg6 Rf5 45. Kxc3 Rxf4 46. Ra6 Rf5 47. Kxc4 Kg4 48. Rh6 h4 49. Kd4 h3 50. Ke3 Kg3 51. Rg6+ Kh2 52. Ke2 Rb5 53. Kf3 Rb2 54. a3 Rb3+ 55. Kf2 Rxa3 56. Ra6 Ra2+ 57. Kf1 a4 58. Ra5 a3 59. Ra8 Kh1 60. Ra7 h2 61. Ra8 Ra1+ 62. Kf2 Ra2+ 63. Kf1 Rb2 64. Rxa3 Rb7 65. Ra8 Rf7+ 66. Ke2 Rg7 67. Kf2 Rg6 68. Rf8 Rg2+ 69. Kf1 Ra2 70. Rg8 Ra1+ 71. Kf2 Rg1 72. Rh8 Rg6 73. Rh7 Rf6+ 74. Ke2 Kg2 75. Rg7+ Kh1 76. Rh7 Rf5 77. Rh8 Kg2 78. Rg8+ Kh3 79. Rh8+ Kg3 80. Rg8+ Kh4 81. Rh8+ Rh5 0-1


[Site "https://www.chess.com"]

[Event "Titled Tuesday Blitz September 27 Late 2022"]
[White "Ansh M Shah"]
[Black "Murtazin, Ruslan"]
[WhiteFideId "25033379"]
[BlackFideId "24175960"]
[WhiteElo "1819"]
[BlackElo "2212"]
[Result "1/2-1/2"]
[Round "10"]
[TimeControl "180+1"]
[Date "2022.09.28"]
[WhiteClock "0:00:40"]
[BlackClock "0:00:03"]

1. d4 Nf6 2. c4 c5 3. d5 e6 4. Nc3 exd5 5. cxd5 d6 6. e4 g6 7. f3 Bg7 8. Bd3 O-O 9. Nge2 a6 10. a4 Nbd7 11. O-O Rb8 12. Bf4 Qe7 13. Bg3 Ne8 14. Qc2 Nc7 15. Rab1 b5 16. axb5 axb5 17. Nf4 b4 18. Na4 Nb5 19. Bxb5 Rxb5 20. b3 Rb8 21. Nd3 Ba6 22. Rfc1 Rfc8 23. Ndb2 Ne5 24. Bxe5 Bxe5 25. Nc4 Bd4+ 26. Kh1 h5 27. Nab2 Bb5 28. Nd3 Bxc4 29. Qxc4 Ra8 30. Nxb4 Be3 31. Nc6 Rxc6 32. dxc6 Bxc1 33. Rxc1 Qc7 34. b4 Qxc6 35. bxc5 Qxc5 36. Qxc5 dxc5 37. Kg1 Ra5 38. h4 Kg7 39. g3 Kf6 40. Kf2 Ke5 41. Rc3 Kd4 42. Rc1 c4 43. Rd1+ Kc3 44. Rd7 Kb2 45. Rxf7 c3 46. Rb7+ Kc1 47. Rc7 c2 48. Ke3 Ra3+ 49. Kf4 Kd2 50. Rxc2+ Kxc2 51. e5 Ra5 52. g4 Kd3 53. Kg5 Rxe5+ 54. Kxg6 hxg4 55. fxg4 Re4 56. Kf5 Kd4 57. h5 Re5+ 58. Kf6 Ke4 59. g5 Kf4 60. g6 Rxh5 61. g7 Rg5 62. Kf7 Rxg7+ 63. Kxg7 1/2-1/2


[Site "https://www.chess.com"]

[Event "Titled Tuesday Blitz September 27 Late 2022"]
[White "Babazada, Khazar"]
[Black "So, Wesley"]
[WhiteFideId "13413554"]
[BlackFideId "5202213"]
[WhiteElo "2409"]
[BlackElo "2763"]
[Result "0-1"]
[Round "10"]
[TimeControl "180+1"]
[Date "2022.09.27"]
[WhiteClock "0:00:02"]
[BlackClock "0:00:33"]

1. e4 c5 2. Nf3 d6 3. d4 cxd4 4. Nxd4 Nf6 5. Nc3 a6 6. Bg5 e6 7. f4 Be7 8. Qf3 Nbd7 9. O-O-O Qc7 10. g4 h6 11. Bxf6 Bxf6 12. h4 g5 13. hxg5 hxg5 14. Rxh8+ Bxh8 15. f5 Nf6 16. Qh3 Bg7 17. Nf3 Ke7 18. Kb1 Bd7 19. Nxg5 b5 20. Qg2 b4 21. Ne2 Rc8 22. Nf4 Qc5 23. Nxf7 Kxf7 24. g5 Ng4 25. fxe6+ Bxe6 26. Nxe6 Kxe6 27. Qxg4+ Ke7 28. Bd3 Qe5 29. c3 Rxc3 30. Qe2 b3 31. bxc3 Qxc3 32. e5 Bxe5 33. axb3 Qa1+ 0-1


[Site "https://www.chess.com"]